 Dungeon Crawl Stone Soup version 0.28.0-47-ge53b351184 (webtiles) character file.

Game seed: 7227780061949996318

583 DearestLeader the Shield-Bearer (level 7, 0/60 HPs)
             Began as a Gnoll Fighter on Apr 25, 2022.
             Succumbed to a kobold brigand's poison
             ... on level 4 of the Dungeon.
             The game lasted 00:07:10 (4914 turns).

DearestLeader the Shield-Bearer (Gnoll Fighter)     Turns: 4914, Time: 00:07:11

Health: 0/60       AC:  7    Str: 17    XL:     7   Next: 37%
Magic:  10/10      EV: 10    Int:  7    God:
Gold:   319        SH:  5    Dex: 12    Spells: 10/10 levels left

rFire   + + .      SeeInvis .   r - +3 dagger of Vuasao {vorpal, rF++ rC-}
rCold   x . .      Faith    .   c - +0 buckler
rNeg    . . .      Spirit   .   b - +0 scale mail
rPois   .          Reflect  .   (no helmet)
rElec   .          Harm     .   (no cloak)
rCorr   .          Rampage  .   (no gloves)
Will    .....                   (no boots)
Stlth   +.........              (no amulet)
HPRegen 0.20/turn               (no ring)
MPRegen 0.12/turn               (no ring)

@: lethally poisoned (0 -> -4), on berserk cooldown, slowed, very slow
A: fangs 1, strong nose, distributed training
a: no special abilities


You were on level 4 of the Dungeon.
You visited 1 branch of the dungeon, and saw 4 of its levels.

You collected 319 gold pieces.

Inventory:

Hand Weapons
 a - a +0 war axe
 r - the +3 dagger of Vuasao (weapon) {vorpal, rF++ rC-}
   (You found it on level 3 of the Dungeon)

   It inflicts extra damage upon your enemies.
   rF:        It greatly protects you from fire.
   rC:        It makes you vulnerable to cold.
 t - a +2 shortbow of freezing
Missiles
 p - 2 curare-tipped darts (quivered)
Armour
 b - a +0 scale mail (worn)
 c - a +0 buckler (worn)
Scrolls
 e - 2 scrolls of fear {unknown}
 g - a scroll of vulnerability {unknown}
 h - a scroll of teleportation
 k - a scroll of noise {unknown}
 o - 2 scrolls of identify {unknown}
Potions
 d - a potion of might
 f - a potion of flight {unknown}
 i - 3 potions of lignification {unknown}
 j - 3 potions of berserk rage
 l - 2 potions of degeneration {unknown}
 m - a potion of mutation {unknown}
 n - 4 potions of curing {unknown}
 q - 2 potions of magic {unknown}
 s - a potion of resistance {unknown}


   Skills:
 + Level 7.0 Fighting
 + Level 2.4 Short Blades
 + Level 2.4 Long Blades
 + Level 5.2 Axes
 + Level 2.4 Maces & Flails
 + Level 2.4 Polearms
 + Level 2.4 Staves
 + Level 2.4 Slings
 + Level 2.4 Bows
 + Level 2.4 Crossbows
 + Level 2.4 Throwing
 + Level 7.0 Armour
 + Level 2.4 Dodging
 + Level 2.4 Stealth
 + Level 7.0 Shields
 + Level 2.4 Unarmed Combat
 + Level 2.4 Spellcasting
 + Level 2.0 Conjurations
 + Level 2.0 Hexes
 + Level 2.0 Summonings
 + Level 2.0 Necromancy
 + Level 2.0 Translocations
 + Level 2.0 Transmutations
 + Level 2.0 Fire Magic
 + Level 2.0 Ice Magic
 + Level 2.0 Air Magic
 + Level 2.0 Earth Magic
 + Level 2.0 Poison Magic
 + Level 2.7 Invocations
 + Level 2.4 Evocations


You had 10 spell levels left.
You didn't know any spells.
Your spell library contained the following spells:

 Spells                   Type           Power      Damage    Failure   Level
 Magic Dart               Conj           12%        1d3       52%         1
 Call Imp                 Summ           3%         N/A       65%         2
 Ensorcelled Hibernation  Hex/Ice        6%         N/A       65%         2
 Passwall                 Tmut/Erth      2%         N/A       65%         2
 Ignite Poison            Fire/Tmut/Pois 3%         N/A       87%         3
 Mephitic Cloud           Conj/Pois/Air  3%         N/A       87%         3
 Swiftness                Air            3%         N/A       87%         3
 Freezing Cloud           Conj/Ice/Air   1%         6-21      100%        5


Dungeon Overview and Level Annotations

Branches:
Dungeon (4/15)
 Temple: D:4-7

Altars:
Hepliaklqana
Kikubaaqudgha
Sif Muna
Trog
Uskayaw
Vehumet
Xom

Shops:
D:1 =

Annotations:
D:4 1 runed translucent door, Crazy Yiuf


Innate Abilities, Weirdness & Mutations

You have very sharp teeth.
Your uncanny sense of smell can sniff out nearby items.
Your experience applies equally to all skills.


Message History

You feel sick.
You feel sick.
You feel sick.
The kobold brigand throws a poisoned dart.
The poisoned dart hits you!
You are more poisoned.
* * * LOW HITPOINT WARNING * * *
You feel very sick.
* * * LOW HITPOINT WARNING * * *
You feel very sick.
The orc wizard casts a spell.
The orc wizard flickers and vanishes!
Deactivating autopickup; reactivate with Ctrl-A.
* * * LOW HITPOINT WARNING * * *
You feel sick.
The kobold brigand throws a poisoned dart.
The poisoned dart closely misses you.
* * * LOW HITPOINT WARNING * * *
You feel sick.
It was a potion of berserk rage.
A red film seems to cover your vision as you go berserk!
You feel yourself moving faster!
You feel mighty!
You feel sick.
The kobold brigand throws a poisoned dart.
You block the poisoned dart.
You feel a strong urge to attack something.
You feel sick.
You feel sick.
You feel your anger nearly subside.
You are no longer berserk.
You are exhausted.
You feel yourself slow down.
You feel sick.
* * * LOW HITPOINT WARNING * * *
You feel sick.
You are no longer poisoned.
The kobold brigand throws a poisoned dart.
The poisoned dart hits you!
You are lethally poisoned!
* * * LOW HITPOINT WARNING * * *
You feel sick.
You die...

#.# #.# #.# #.# #.# #.# #{#
#.# ####.# #.# #.# ##....#
#.# #.########..)..########
#K# #......................
#.# ######.........########
#.# #.#######.# #... #.####
#@#.....#.# #.## #.##.##
#.#.....#.# #.#
#.#.#.####.#.._..#.# #.#
#[.###K....#.....#.# #.#
##.##
##.##.#.....#.#####.## #.##
##...###'###......... ##.##
##.#..........###.....
##.###.##...###............
##.#.#########.######.....


There were no monsters in sight!

Vanquished Creatures
  A centaur (D:4)
  The ghost of jaiteiro the Sneak, an amateur SpEE (D:3)
  A water moccasin skeleton (D:3)
  A centaur zombie (D:3)
  A jelly (D:4)
  2 orc priests (D:4)
  A hound (D:4)
  2 bullfrog skeletons
  2 gnolls
  7 adders
  4 dart slugs
  A worm (D:3)
  6 orcs
  6 bats
  7 endoplasms
  4 giant cockroaches
  10 goblins
  4 hobgoblins
  9 jackals
  5 quokkas
  10 ball pythons
  8 kobolds
  6 rats
99 creatures vanquished.

Vanquished Creatures (others)
  A fungus (D:1)
1 creature vanquished.

Grand Total: 100 creatures vanquished

Notes
Turn   | Place    | Note
-------+----------+-------------------------------------------
     0 | D:1      | DearestLeader the Gnoll Fighter began the quest for the
                  | Orb.
     0 | D:1      | Reached XP level 1. HP: 23/23 MP: 1/1
     9 | D:1      | Found Ledushotam's Jewellery Shop.
   248 | D:1      | Reached XP level 2. HP: 29/29 MP: 2/2
   513 | D:1      | Found a faded altar of an unknown god.
   521 | D:1      | Reached XP level 3. HP: 23/35 MP: 3/3
  1295 | D:2      | Reached skill level 1 in Invocations
  1478 | D:2      | Reached skill level 1 in Short Blades
  1478 | D:2      | Reached skill level 1 in Long Blades
  1478 | D:2      | Reached skill level 1 in Maces & Flails
  1478 | D:2      | Reached skill level 1 in Polearms
  1478 | D:2      | Reached skill level 1 in Staves
  1478 | D:2      | Reached skill level 1 in Slings
  1478 | D:2      | Reached skill level 1 in Bows
  1478 | D:2      | Reached skill level 1 in Crossbows
  1478 | D:2      | Reached skill level 1 in Throwing
  1478 | D:2      | Reached skill level 1 in Dodging
  1478 | D:2      | Reached skill level 1 in Stealth
  1478 | D:2      | Reached skill level 1 in Unarmed Combat
  1478 | D:2      | Reached skill level 1 in Spellcasting
  1478 | D:2      | Reached skill level 1 in Evocations
  1920 | D:3      | Reached XP level 4. HP: 41/41 MP: 5/5
  1977 | D:3      | Found a runed translucent gate.
  1977 | D:3      | Found a runed translucent gate.
  1979 | D:3      | Found a runed translucent gate.
  1981 | D:3      | Noticed jaiteiro's ghost (amateur SpEE)
  2096 | D:3      | Found Tihurphus's Book Emporium.
  2114 | D:3      | Found a hide-covered altar of Uskayaw.
  2453 | D:3      | Identified the +3 dagger of Vuasao {vorpal, rF++ rC-}
  2504 | D:3      | Reached skill level 1 in Conjurations
  2504 | D:3      | Reached skill level 1 in Hexes
  2504 | D:3      | Reached skill level 1 in Summonings
  2504 | D:3      | Reached skill level 1 in Necromancy
  2504 | D:3      | Reached skill level 1 in Translocations
  2504 | D:3      | Reached skill level 1 in Transmutations
  2504 | D:3      | Reached skill level 1 in Fire Magic
  2504 | D:3      | Reached skill level 1 in Ice Magic
  2504 | D:3      | Reached skill level 1 in Air Magic
  2504 | D:3      | Reached skill level 1 in Earth Magic
  2504 | D:3      | Reached skill level 1 in Poison Magic
  2661 | D:3      | Reached XP level 5. HP: 33/47 MP: 6/6
  3611 | D:4      | Reached XP level 6. HP: 51/53 MP: 8/8
  3656 | D:4      | Found a runed translucent door.
  3657 | D:4      | Noticed Crazy Yiuf
  3832 | D:4      | Found a shimmering blue altar of Sif Muna.
  3902 | D:4      | Found a shimmering altar of Xom.
  3905 | D:4      | Found a hazy altar of Hepliaklqana.
  3905 | D:4      | Found a stormy altar of Qazlal.
  3907 | D:4      | Found an ancient bone altar of Kikubaaqudgha.
  3907 | D:4      | Found a bloodstained altar of Trog.
  3907 | D:4      | Found a radiant altar of Vehumet.
  4568 | D:3      | Killed jaiteiro's ghost
  4569 | D:3      | Reached skill level 5 in Axes
  4742 | D:3      | Reached XP level 7. HP: 53/59 MP: 10/10
  4906 | D:4      | HP: 2/60 [poisoned by a kobold brigand]
  4913 | D:4      | HP: 2/60 [poisoned by a kobold brigand]
  4914 | D:4      | Succumbed to a kobold brigand's poison

Illustrated notes

Levels and vault maps discovered:
D:1:      psy_arrival_basics, layout_loops_ring,
          shapermc_ecumenical_altar_ellora, serial_shops, nicolae_shop_crystal,
          minmay_misc_feat_more_columns
D:2:      layout_basic
D:3:      minmay_thinvault, layout_loops_cross, mainiacjoe_overflow_catwalk,
          serial_shops, nicolae_shop_window_shopping,
          gammafunk_ghost_necromancy, kennysheep_generic_room_4
D:4:      minmay_chambers_of_threes, layout_loops_ring, doesnt_xom_only_xom,
          amcnicky_altar_gilded, uniq_crazy_yiuf_cottage

Skill      XL: |  1  2  3  4  5  6  7 |
---------------+----------------------+-----
Invocations    | 1 2 |  2.7
Short Blades   | 1 2 |  2.4
Long Blades    | 1 2 |  2.4
Maces & Flails | 1 2 |  2.4
Polearms       | 1 2 |  2.4
Staves         | 1 2 |  2.4
Slings         | 1 2 |  2.4
Bows           | 1 2 |  2.4
Crossbows      | 1 2 |  2.4
Throwing       | 1 2 |  2.4
Dodging        | 1 2 |  2.4
Stealth        | 1 2 |  2.4
Unarmed Combat | 1 2 |  2.4
Spellcasting   | 1 2 |  2.4
Evocations     | 1 2 |  2.4
Conjurations   | 1 2 |  2.0
Hexes          | 1 2 |  2.0
Summonings     | 1 2 |  2.0
Necromancy     | 1 2 |  2.0
Translocations | 1 2 |  2.0
Transmutations | 1 2 |  2.0
Fire Magic     | 1 2 |  2.0
Ice Magic      | 1 2 |  2.0
Air Magic      | 1 2 |  2.0
Earth Magic    | 1 2 |  2.0
Poison Magic   | 1 2 |  2.0
Axes           | 5 |  5.2
Fighting       | 7 |  7.0
Armour         | 7 |  7.0
Shields        | 7 |  7.0

Action                   |  1- 3 |  4- 6 |  7- 9 || total
-------------------------+-------+-------+-------++-------
Melee: War axe           |   100 |    31 |       ||   131
       Bite              |     9 |    28 |     4 ||    41
       Dagger            |       |   169 |    33 ||   202
  Use: Scroll            |       |     1 |       ||     1
       Potion            |       |       |     1 ||     1
Armor: Scale mail        |    48 |    67 |     9 ||   124
Dodge: Dodged            |    57 |    62 |    20 ||   139
Block: Buckler           |    25 |    57 |     7 ||    89
